Map: Washout LE

Players

PgP - Winner!

  • Race: Terran Terran

VOD

Have the link to the VOD?

Description

Time

  • Played on: Sept. 25, 2026, 6:53 a.m.
  • Length: 19:48
Show
View Real Time Build Order
Export as new Build Order

PgP Terran - Winner!

Build Orders:  

Get SALT Encoding   

  8  0:00  SCV  
  9  0:18  SCV  
  10  0:33  Supply Depot  
  10  0:42  SCV  
  11  0:59  SCV  
  12  1:15  Barracks  
  12  1:24  Refinery  
  12  1:38  SCV  
  13  1:58  SCV  
  14  2:29  Command Center  
  14  2:33  Barracks Reactor  
  14  2:54  Orbital Command  
  14  3:18  Supply Depot  
  14  3:33  SCV  
  15  3:44  Marine  
  15  3:49  Marine  
  17  3:55  SCV  
  18  4:11  Marine  
  18  4:13  Bunker  
  18  4:15  SCV  
  18  4:19  Orbital Command  
  20  4:42  Barracks  
  20  4:50  Marine  
  20  4:52  Barracks  
  20  4:55  SCV  
  20  4:58  SCV  
  23  5:12  Marine  
  24  5:23  SCV x2  
  24  5:28  Marine  
  27  5:37  Marine  
  28  5:40  Factory  
  28  5:47  SCV x2  
  30  5:59  Supply Depot  
  30  6:16  Marine  
  31  6:21  Barracks Reactor  
  31  6:22  Barracks Tech Lab  
  31  6:23  Stimpack  
  31  6:26  SCV x2  
  33  6:31  Supply Depot  
  33  6:38  Marine  
  34  6:50  Factory Tech Lab  
  34  6:55  SCV x2  
  36  7:01  Marine x2  
  36  7:03  Marine  
  36  7:04  Supply Depot  
  39  7:13  Marine  
  39  7:14  Marine  
  39  7:17  Siege Tank  
  44  7:26  Marine  
  45  7:32  SCV  
  45  7:33  SCV  
  45  7:37  Marine x2, Supply Depot  
  49  7:51  SCV x2  
  49  7:52  Starport  
  49  7:54  Marine x2  
  49  7:55  Marine  
  54  8:02  Marine x2  
  54  8:08  SCV x2  
  58  8:10  Supply Depot  
  58  8:19  Marine x2  
  60  8:21  Marine  
  60  8:27  Marine x2  
  63  8:37  Supply Depot  
  63  8:38  SCV x2, Supply Depot  
  65  8:44  Marine x2  
  65  8:46  Marine  
  65  8:48  Starport Reactor  
  68  8:51  Marine  
  68  8:52  Marine  
  68  8:55  SCV x2  
  72  9:09  Marine x2  
  74  9:12  SCV  
  74  9:13  Unknown  
  74  9:18  Marine  
  76  9:28  SCV x2  
  78  9:30  Marine x2  
  78  9:34  Marine x2  
  82  9:43  Marine  
  83  9:51  Siege Tank  
  83  9:55  Marine x2  
  83  9:59  Marine x2  
  90  10:08  Marine  
  91  10:10  Unknown  
  79  10:20  Marine x2  
  79  10:24  Marine x2, Medivac  
  74  10:33  Marine, SCV  
  74  10:34  SCV  
  77  10:45  Marine x2  
  77  10:49  Marine x2  
  81  10:58  Barracks  
  81  11:00  Barracks  
  81  11:04  Refinery  
  81  11:11  Supply Depot, Refinery  
  81  11:13  Supply Depot x2  
  81  11:16  Marine  
  81  11:17  Marine x4  
  81  11:19  Supply Depot  
  86  11:27  Unknown  
  86  11:36  Engineering Bay  
  86  11:41  Marine  
  86  11:42  Marine x4  
  86  11:47  Supply Depot  
  91  12:06  Marine  
  91  12:07  Marine x2  
  91  12:08  Marine  
  91  12:09  Marine  
  98  12:19  Barracks Reactor  
  96  12:20  Barracks Reactor  
  96  12:25  Medivac x2  
  100  12:31  Marine  
  100  12:32  Marine x2  
  100  12:33  Marine  
  104  12:49  Terran Infantry Weapons Level 1  
  104  12:59  Marine x5  
  109  13:07  Medivac  
  109  13:09  Medivac  
  113  13:20  Refinery  
  113  13:21  SCV  
  113  13:23  SCV, Marine  
  113  13:24  Marine x4  
  120  13:38  SCV  
  121  13:40  SCV  
  121  13:45  Marine  
  121  13:46  Marine x3  
  121  13:48  Marine  
  121  13:49  Medivac, Marine x4  
  133  13:51  Medivac  
  133  13:55  SCV  
  133  13:56  Supply Depot  
  133  13:58  Supply Depot  
  136  14:01  Supply Depot  
  136  14:03  Supply Depot  
  136  14:04  Supply Depot  
  136  14:10  Marine x2  
  138  14:26  Marine x7  
  145  14:35  Marine x2  
  147  14:40  Medivac x2  
  151  14:51  Marine x7  
  151  14:58  Unknown  
  158  15:00  Marine x2  
  158  15:08  Unknown  
  154  15:11  Unknown  
  154  15:15  Marine x4  
  157  15:22  Medivac  
  157  15:23  Unknown  
  159  15:31  Marine x5  
  162  15:40  Marine x4  
  162  15:46  Medivac  
  167  15:51  SCV  
  167  15:52  SCV  
  167  15:55  Marine  
  167  15:56  Marine x4  
  173  16:04  Medivac  
  173  16:05  Marine x4, Unknown  
  156  16:20  Marine  
  156  16:21  Marine x4  
  156  16:24  Unknown  
  156  16:28  Medivac  
  156  16:30  Marine x4  
  159  16:45  Marine  
  159  16:46  Marine x4  
  164  16:55  Marine x4  
  164  16:58  Unknown  
  167  17:10  Marine  
  167  17:11  Marine x4  
  172  17:20  Marine x4  
  172  17:22  Medivac  
  178  17:37  Supply Depot  
  178  17:38  Supply Depot  
  178  17:43  Supply Depot  
  178  17:48  Supply Depot x2  
  178  17:53  Marine x2  
  178  17:58  Marine  
  178  18:01  Marine  
  178  18:07  Marine x4, Medivac x2  
  178  18:08  Marine  
  187  18:18  Marine x2  
  186  18:23  Marine  
  186  18:26  Marine  
  188  18:32  Marine x4  
  188  18:33  Marine  
  193  18:43  Marine x2  
  193  18:48  Marine  
  196  18:51  Marine  
  196  18:57  Marine x3  
Tags
 
Matchup
Co-op
Add a new tag
Caveats
  • Supply blocks, unpowered buildings, or Contaminate may cause inaccurate times.
  • Supply counts are checked every 10 seconds.